 Dungeon Crawl Stone Soup version 0.20.1-1-g8b1a95d (webtiles) character file.

291 Mesmaeker13 the Conjurer (level 6, -1/32 HPs)
             Began as a Deep Elf Conjurer on Dec 12, 2017.
             Slain by a bullfrog (3 damage)
             ... on level 4 of the Dungeon.
             The game lasted 00:09:35 (4309 turns).

Mesmaeker13 the Conjurer (Deep Elf Conjurer)        Turns: 4309, Time: 00:09:36

Health: -1/32      AC:  2    Str:  5 (7)  XL:     6   Next: 10%
Magic:  15/15      EV: 14    Int: 17 (20) God:
Gold:   161        SH:  0    Dex: 12 (15) Spells: 8/15 levels left

rFire    . . .     SeeInvis .   o - +2 short sword (speed)
rCold    + . .     Gourm    .   (no shield)
rNeg     . . .     Faith    .   a - +0 robe
rPois    .         Spirit   .   (no helmet)
rElec    .         Reflect  .   (no cloak)
rCorr    .         Harm     .   (no gloves)
MR       .....                  (no boots)
Stlth    ++........             (no amulet)
Regen    0.1/turn               e - ring of protection from cold
MPRegen  0.2/turn               (no ring)

@: about to teleport
A: no striking features
a: no special abilities


You were on level 4 of the Dungeon.
You were not hungry.

You visited 1 branch of the dungeon, and saw 4 of its levels.

You collected 161 gold pieces.

Inventory:

Hand Weapons
 o - a +2 short sword of speed (weapon)
Armour
 a - a +0 robe (worn)
Jewellery
 e - a ring of protection from cold (left hand)
Wands
 m - a wand of lightning (0/15)
Scrolls
 j - a scroll of teleportation
 k - a scroll of amnesia {unknown}
 l - 2 scrolls of remove curse
 q - a scroll of enchant weapon {unknown}
 r - a scroll of enchant armour
Books
 b - a book of Conjurations

   Spells                             Type                      Level
   a - Magic Dart                     Conjuration                  1
   b - Searing Ray                    Conjuration                  2
   c - Dazzling Spray                 Conjuration/Hexes            3
   d - Fulminant Prism                Conjuration/Hexes            4
   e - Force Lance                    Conjuration/Translocation    4
   f - Iskenderun's Mystic Blast      Conjuration                  4
Comestibles
 c - 3 bread rations
 f - 3 royal jellies
 g - 3 fruits
 n - a meat ration


   Skills:
 + Level 5.0 Dodging
 - Level 2.4 Stealth
 - Level 5.0 Spellcasting
 + Level 6.0 Conjurations


You had 8 spell levels left.
You knew the following spells:

 Your Spells              Type           Power        Failure   Level  Hunger
a - Magic Dart            Conj           ###.         1%          1    None
b - Searing Ray           Conj           ###...       1%          2    #......
c - Iskenderun's Mystic   Conj           ###.....     12%         4    ####...


Dungeon Overview and Level Annotations

Branches:
Dungeon (4/15)
 Temple: D:4-7

Altars:
Cheibriados
Xom

Shops:
D:4 !

Annotations:
D:4 Agrougrou's ghost, novice DsFi


Message History

The orc wizard gestures at you while chanting.
The puff of flame hits you!
The bullfrog gives a loud, deep croak!
The orc wizard completely misses you.
The orc wizard casts a spell.
The orc wizard seems to speed up.
The bullfrog completely misses you.
The orc wizard gestures at you while chanting.
The puff of frost hits you! You resist. The bullfrog hits you.
The orc wizard gestures at you while chanting.
The puff of flame hits you! The orc wizard misses you.
The bullfrog barely misses you.
As you read the scroll of teleportation, it crumbles to dust.
You feel strangely unstable. The orc wizard hits you with a dagger.
* * * LOW HITPOINT WARNING * * *
The orc wizard closely misses you. The bullfrog hits you.
* * * LOW HITPOINT WARNING * * *
The bullfrog hits you.
You die...

.....###.............#
.F....#...............
......................
...#..#..............#
.....##...........
.....# #..........
....... ##..........
....... #.Fo.......
#...... #.@........
####...# ##........#
##<..# ###.#####
....## ## ...## ...#
...# ...# ...#


You could see a bullfrog and an orc wizard.

Vanquished Creatures
  2 orc priests
  2 orc wizards (D:4)
  5 adders
  2 oozes (D:1)
  An adder skeleton (D:4)
  4 worms
  3 dart slugs
  5 leopard geckos
  9 orcs
  A ball python (D:2)
  5 bats
  A giant cockroach (D:3)
  9 goblins
  11 hobgoblins
  9 jackals
  4 quokkas
  A frilled lizard (D:2)
  8 kobolds
  7 rats
89 creatures vanquished.

Notes
Turn   | Place    | Note
-------+----------+-------------------------------------------
     0 | D:1      | Mesmaeker13 the Deep Elf Conjurer began the quest for the Orb.
     0 | D:1      | Reached XP level 1. HP: 10/10 MP: 6/6
   392 | D:1      | Reached XP level 2. HP: 15/15 MP: 6/8
  1114 | D:1      | Reached XP level 3. HP: 19/19 MP: 8/10
  1324 | D:2      | Learned a level 2 spell: Searing Ray
  1559 | D:2      | Reached skill level 5 in Conjurations
  2138 | D:2      | Reached XP level 4. HP: 24/24 MP: 8/12
  3079 | D:3      | Found a shimmering altar of Xom.
  3097 | D:3      | Reached XP level 5. HP: 27/28 MP: 9/14
  3304 | D:3      | Found a snail-covered altar of Cheibriados.
  3329 | D:3      | Reached skill level 5 in Spellcasting
  3369 | D:3      | Learned a level 4 spell: Iskenderun's Mystic Blast
  3596 | D:4      | Found Xuthrauk's Distillery.
  4004 | D:4      | Noticed Agrougrou's ghost (novice DsFi)
  4064 | D:4      | Reached skill level 5 in Dodging
  4064 | D:4      | Reached skill level 6 in Conjurations
  4064 | D:4      | Reached XP level 6. HP: 22/32 MP: 3/15
  4309 | D:4      | Slain by a bullfrog

Skill      XL: |  1  2  3  4  5 |
---------------+----------------+-----
Dodging        | 3 5 |  5.0
Spellcasting   | 4 5 |  5.0
Conjurations   | 5 6 |  6.0
Stealth        | |  2.4

Action                   |  1- 3 |  4- 6 || total
-------------------------+-------+-------++-------
Melee: Unarmed           |     1 |       ||     1
       Short sword       |       |     5 ||     5
 Cast: Magic Dart        |    82 |    99 ||   181
       Searing Ray       |     2 |    10 ||    12
Evoke: Wand              |       |     4 ||     4
  Use: Scroll            |       |     8 ||     8
       Potion            |       |     5 ||     5
  Eat: Chunk             |     4 |     6 ||    10
Armor: Robe              |     1 |     8 ||     9
Dodge: Dodged            |    17 |    38 ||    55
